 Dungeon Crawl Stone Soup version 0.29.0-4-gdea44cf6ec (webtiles) character file.

Game seed: 16119590546160948662

3 qw the Shield-Bearer (level 1, -4/14 HPs)
             Began as a Gargoyle Fighter on Sept 9, 2022.
             Slain by a gnoll
             ... wielding a +0 vorpal flail
              (8 damage)
             ... on level 1 of the Dungeon.
             The game lasted 00:00:02 (86 turns).

qw the Shield-Bearer (Gargoyle Fighter)               Turns: 86, Time: 00:00:02

Health: -4/14      AC:  9    Str: 19    XL:     1   Next: 50%
Magic:  1/1        EV:  9    Int:  8    God:
Gold:   2          SH:  4    Dex:  9    Spells: 0/0 levels left

rFire   . . .      SeeInvis .   a - +0 war axe
rCold   . . .      Faith    .   c - +0 buckler
rNeg    + . .      Spirit   .   b - +0 scale mail
rPois   inf        Reflect  .   (no helmet)
rElec   +          Harm     .   (no cloak)
rCorr   .          Rampage  .   (no gloves)
Will    .....                   (no boots)
Stlth   ..........              (no amulet)
HPRegen 0.04/turn               (no ring)
MPRegen 0.07/turn               (no ring)

@: no status effects
A: sickness immunity, AC +2, negative energy resistance 1, electricity
resistance, torment resistance 1, petrification resistance
a: no special abilities


You were on level 1 of the Dungeon.
You visited 1 branch of the dungeon, and saw 1 of its levels.

You collected 2 gold pieces.


Innate Abilities, Weirdness & Mutations

You are immune to sickness and miasma.
Your stone body is resilient. (AC +2)
You are immune to poison.
You resist negative energy. (rN+)
You are resistant to electric shocks. (rElec)
You are resistant to unholy torment.
You are immune to petrification.


   Skills:
 - Level 3.2 Fighting
 + Level 2.1 Axes
 - Level 3.2 Armour
 - Level 3.2 Shields


You couldn't memorise any spells.
You didn't know any spells.
Your spell library was empty.

Inventory:

Hand Weapons
 a - a +0 war axe (weapon)
Armour
 b - a +0 scale mail (worn)
 c - a +0 buckler (worn)
Potions
 d - a potion of might

Dungeon Overview and Level Annotations

Branches:
Dungeon (1/15)

Altars:


Message History

0 ||| PLANNING D:1-11 As you open the door, it creaks loudly!
There is an open door here.
Found a stone staircase leading down.
Enter note: You now have 2 gold pieces.
You open the door.
Found a robe.
A dart slug comes into view.
The dart slug launches a dart at you. The slug dart hits you.
A rat comes into view.
The dart slug launches a dart at you. The slug dart misses you.
You hit the dart slug.
The dart slug is severely wounded.
The dart slug bites you but does no damage.
You hit the dart slug.
You kill the dart slug!
You closely miss the rat. The rat barely misses you. x2
Your Axes skill increases to level 2!
You closely miss the rat. The rat bites you but does no damage.
You closely miss the rat. You block the rat's attack.
The rat bites you but does no damage.
You slash the rat!
You kill the rat!
You start resting.
HP restored.
You see here a dart slug corpse.
A goblin comes into view. It is wielding a +0 dagger.
The goblin shouts!
A gnoll comes into view. It is wielding a +0 vorpal flail.
You barely miss the gnoll.
The gnoll hits you with a +0 vorpal flail!
Ouch! That really hurt!
The gnoll hits you with a +0 vorpal flail!
Ouch! That really hurt!
You die...

#.#. ##... .#.. ###### ...
#....# .g # #....#
#.##.#.##.#....#
######g#..#.##.#....##
###.#.#@#.#.#.#.#.#...#.
####........[...>........#.
#....#.#.#.#.#.#.#.#.#.....
#.....................#.###
#....#.#.#.#.#.#.#.#.#....#
#.........%...............#
#....#.#.#.#.#.#.#.#.#....#
#########.##...####.......#
#....### #.......#


You could see a gnoll and a goblin.

Vanquished Creatures
  A dart slug (D:1)
  A rat (D:1)
2 creatures vanquished.

Notes
Turn   | Place    | Note
-------+----------+-------------------------------------------
     0 | D:1      | qw the Gargoyle Fighter began the quest for the Orb.
     0 | D:1      | Reached XP level 1. HP: 14/14 MP: 1/1
     0 | D:1      | 0 ||| qw: Version: 0.1-a-113-g051387a
     0 | D:1      | 0 ||| qw: Game counter: 7108
     0 | D:1      | 0 ||| qw: Always use a shield: true
     0 | D:1      | 0 ||| qw: God list: Okawaru
     0 | D:1      | 0 ||| qw: Allow faded altars: false
     0 | D:1      | 0 ||| qw: Do Orc after D:15 true
     0 | D:1      | 0 ||| qw: Do second Lair branch before Depths: true
     0 | D:1      | 0 ||| qw: Lair rune preference: random
     0 | D:1      | 0 ||| qw: Plans: Normal, Zot, God:TSO, Crypt, Tomb, Zig,
                  | Orb
     0 | D:1      | 0 ||| PLANNING D:1-11
    86 | D:1      | Slain by a gnoll

Levels and vault maps discovered:
D:1:      dpeg_arrival_tiny_c, layout_basic, shapermc_ecumenical_altar_ellora,
          dreamdust_mushroom_princess, chequers_serial_rivers_micro_a,
          st_stairs_12

Skill      XL: |  1 |
---------------+----+-----
Axes           | 2 |  2.1
Fighting       | |  3.2
Armour         | |  3.2
Shields        | |  3.2

Action                   || total
-------------------------++-------
Melee: War axe           ||     6
Armor: Scale mail        ||     3
Dodge: Dodged            ||     3
Block: Buckler           ||     1

Table legend:
 A = Non-vault XP
 B = Vault XP
 C = Vault XP percentage of total XP
 D = Non-vault monster count
 E = Vault monster count
 F = Vault count percentage of total count
                 A         B        C        D         E       F
            +---------+---------+-------+---------+---------+-------
      Total |       4 |       1 |  20.0 |       1 |       1 |  50.0
            +---------+---------+-------+---------+---------+-------
        D:1 |       4 |       1 |  20.0 |       1 |       1 |  50.0
            +---------+---------+-------+---------+---------+-------
